AoeStats
← gob b

Nomad

505273367Analyzed
4v4 RM · 23d ago on Sep 8, 2026· 37m 6s· 8 players
Game mode
Random Map
Map size
231×231
Population
200
Speed
Normal
Resources
Standard
Victory
Conquest
Starting age
Dark Age
Ending age
Imperial Age
RankedLock teamsTeams togetherTeam positionsShared explorationLock speedFull tech treeHidden civsTurbo modeCheats
Victory
Defeat
🇲🇽 Bengalis · Mexico
1233
+14
🇻🇪 Italians · Venezuela
1190
+15
🇭🇺 Tupi · Hungary
1169
+16
🇵🇪 Lithuanians · Peru
1148
+17
🇪🇸 Inca · Spain
1248
-18
🇫🇷 Mongols · France
1169
-15
🇫🇷 Japanese · France
1152
-15
🇮🇳 Huns · India
1143
-14
scurhun
5:48 Loom
13:52 Feudal Age
15:24 Double-Bit Axe
18:59 Castle Age
17:02 Gold Mining
17:33 Stone Mining
18:49 Fletching
20:00 Bow Saw
20:37 Bodkin Arrow
22:15 Horse Collar
[GDL] Wenjie
3:48 Loom
17:38 Feudal Age
26:22 Castle Age
24:19 Gold Mining
24:31 Fletching
24:41 Padded Archer Armor
25:54 Wheelbarrow
25:34 Double-Bit Axe
25:33 Horse Collar
27:54 Bodkin Arrow
28:14 Leather Archer Armor
35:00 Leather Archer Armor
35:48 Heavy Plow
RagnarLothbrok
7:32 Loom
15:40 Feudal Age
16:43 Double-Bit Axe
23:42 Castle Age
22:15 Fishing Lines
22:56 Stone Mining
23:27 Fletching
24:26 Gillnets
25:03 Bow Saw
25:24 Medium Warships
25:12 Town Watch
28:59 Bodkin Arrow
30:10 Wheelbarrow
29:35 Town Patrol
34:00 Imperial Age
32:16 Ballistics
33:44 Town Patrol
34:13 Forging
35:29 Clinker Construction
35:29 Careening
35:50 Bracer
36:51 Chemistry
MACS-X
3:53 Loom
15:55 Feudal Age
19:46 Castle Age
18:15 Horse Collar
18:27 Double-Bit Axe
25:59 Wheelbarrow
34:37 Bow Saw
35:10 Scale Barding Armor
35:01 Fishing Lines
39:58 Imperial Age
ToRrGalL
5:05 Loom
14:35 Feudal Age
19:12 Castle Age
18:45 Double-Bit Axe
18:54 Gold Mining
18:55 Stone Mining
19:19 Bloodlines
19:01 Fletching
23:24 Bow Saw
24:47 Wheelbarrow
24:24 Horse Collar
27:50 Thumb Ring
28:12 Bodkin Arrow
29:00 Padded Archer Armor
29:03 Husbandry
31:28 Hand Cart
32:19 Town Watch
35:41 Leather Archer Armor
35:42 Heavy Plow
36:44 Stone Shaft Mining
36:28 Masonry
Uethatzuia
5:15 Loom
13:55 Feudal Age
18:36 Castle Age
16:35 Fletching
16:53 Double-Bit Axe
21:19 Wheelbarrow
21:01 Medium Warships
21:46 Bow Saw
23:57 Bodkin Arrow
25:08 Scale Mail Armor
27:54 Fishing Lines
28:45 Pikeman
30:17 Horse Collar
30:34 Gold Mining
31:45 Hand Cart
32:20 Padded Archer Armor
32:30 Forging
36:18 Imperial Age
34:44 Crossbowman
35:29 Thumb Ring
36:22 Capped Ram
M.Gallego
4:41 Loom
14:44 Feudal Age
19:03 Castle Age
16:40 Champi Runner
17:42 Scale Mail Armor
19:22 Forging
19:06 Champi Warrior
19:32 Arson
23:10 Chain Mail Armor
23:21 Squires
24:40 Iron Casting
gob b
6:53 Loom
Connection lost

Rejoining the realm…

Still unreachable

The connection could not be restored.

Session expired

The server has moved on; the page needs a fresh start.